AoeStats
← Gehoee31

Pilgrims

510010644Analyzed
4v4 RM · 5d ago on Sep 29, 2026· 18m 56s· 8 players
Game mode
Random Map
Map size
Large (8 player)
Population
200
Speed
Normal
Resources
Standard
Victory
Conquest
Starting age
Dark Age
Ending age
Imperial Age
RankedLock teamsTeams togetherTeam positionsShared explorationLock speedFull tech treeHidden civsTurbo modeCheats
Victory
Defeat
🇲🇽 Turks · Mexico
722
+9
🇺🇸 Sicilians · United States
685
+11
🇺🇸 Slavs · United States
648
+12
🇦🇷 Danes · Argentina
611
+14
🇹🇷 Cumans · Türkiye
723
-17
🇧🇷 Vietnamese · Brazil
692
-16
🇦🇺 Khmer · Australia
434
-7
🇨🇳 Italians · China
409
-6
Gehoee31
4:49 Loom
13:26 Feudal Age
17:09 Town Watch
filiusgaya
7:15 Loom
13:40 Feudal Age
14:43 Double-Bit Axe
17:19 Gold Mining
17:57 Stone Mining
18:17 Fishing Lines
minhtr3
12:31 Feudal Age
13:15 Double-Bit Axe
15:03 Wheelbarrow
17:08 Man-at-Arms
18:51 Man-at-Arms
EXCELSIOR!
5:35 Loom
6:41 Loom
13:55 Feudal Age
18:22 Gold Mining
massanka21
6:52 Loom
13:07 Feudal Age
13:22 Man-at-Arms
Lautenaius Maximus
Snobyman
全力释放
4:35 Loom
13:39 Feudal Age
Connection lost

Rejoining the realm…

Still unreachable

The connection could not be restored.

Session expired

The server has moved on; the page needs a fresh start.